AoeStats
← speedshiva

Arabia

505725696Analyzed
2v2 RM · 21d ago on Sep 10, 2026· 41m 46s· 4 players
Game mode
Random Map
Map size
Medium (4 player)
Population
200
Speed
Normal
Resources
Standard
Victory
Conquest
Starting age
Dark Age
Ending age
Imperial Age
RankedLock teamsTeams togetherTeam positionsShared explorationLock speedFull tech treeHidden civsTurbo modeCheats
Victory
Defeat
🇦🇷 Huns · Argentina
902
+13
🇮🇹 Wei · Italy
889
+13
🇫🇷 Mongols · France
840
-14
🇫🇷 Franks · France
840
-14
speedshiva
6:36 Loom
10:56 Feudal Age
12:12 Gold Mining
12:12 Double-Bit Axe
15:38 Wheelbarrow
23:51 Castle Age
23:55 Stone Mining
24:48 Bow Saw
26:39 Husbandry
26:24 Elite Skirmisher
28:18 Squires
30:28 Pikeman
33:44 #83
BURGER KING
9:17 Loom
11:02 Feudal Age
14:21 Double-Bit Axe
17:16 Castle Age
15:35 Fletching
15:46 Padded Archer Armor
17:21 Wheelbarrow
26:01 Hand Cart
26:32 Elite Skirmisher
27:19 Bodkin Arrow
27:30 Scale Barding Armor
29:00 Leather Archer Armor
29:06 Chain Barding Armor
28:46 Stone Mining
32:19 Gold Mining
32:42 Thumb Ring
33:26 Stone Shaft Mining
38:56 Horse Collar
DragónLechero
7:05 Loom
9:38 Feudal Age
10:07 Double-Bit Axe
14:59 Horse Collar
15:50 Fletching
22:03 Castle Age
21:44 Bloodlines
22:15 Padded Archer Armor
22:55 Husbandry
24:21 Bodkin Arrow
26:41 Forging
26:41 Scale Barding Armor
28:25 Light Cavalry
30:21 Ballistics
35:16 Wheelbarrow
35:32 Heavy Plow
36:42 Bow Saw
39:12 Hand Cart
39:51 Iron Casting
39:57 Gold Mining
41:16 Thumb Ring
fr90.PISCU
8:07 Loom
11:18 Feudal Age
14:06 Gold Mining
16:55 Horse Collar
17:26 Double-Bit Axe
23:41 Castle Age
22:13 Fletching
22:15 Stone Mining
23:49 Padded Archer Armor
25:35 Wheelbarrow
25:41 Heavy Plow
26:46 Bodkin Arrow
27:45 Leather Archer Armor
28:01 Bow Saw
36:02 Imperial Age
34:42 Scale Barding Armor
34:48 Forging
35:02 Ballistics
35:28 Husbandry
37:53 Bloodlines
38:08 Conscription
38:00 Thumb Ring
38:57 Chain Barding Armor
Connection lost

Rejoining the realm…

Still unreachable

The connection could not be restored.

Session expired

The server has moved on; the page needs a fresh start.